 Dungeon Crawl Stone Soup version 0.27.1-3-gb3d3a73c9e (webtiles) character file.

Game seed: 1041227144436897023

49 Urokeeper the Slasher (level 3, 0/27 HPs)
             Began as a Demonspawn Gladiator on Oct 11, 2021.
             Slain by Sigmund (4 damage)
             ... on level 2 of the Dungeon.
             The game lasted 00:04:12 (1791 turns).

Urokeeper the Slasher (Demonspawn Gladiator)        Turns: 1791, Time: 00:04:12

Health: 0/27       AC:  4    Str: 15    XL:     3   Next: 51%
Magic:  3/3        EV: 12    Int:  9    God:
Gold:   83         SH:  0    Dex: 14    Spells: 2/2 levels left

rFire    . . .     SeeInvis .   g - +1 falchion (elec)
rCold    . . .     Faith    .   (no shield)
rNeg     . . .     Spirit   .   b - +0 leather armour
rPois    .         Reflect  .   (helmet restricted)
rElec    .         Harm     .   (no cloak)
rCorr    .         Rampage  .   (no gloves)
Will     .....                  (no boots)
Stlth    +.........             (no amulet)
HPRegen  0.09/turn              (no ring)
MPRegen  0.08/turn              (no ring)

@: confused
A: antennae 1, sharp scales 1
a: no special abilities


You were on level 2 of the Dungeon.
You visited 1 branch of the dungeon, and saw 2 of its levels.

You collected 83 gold pieces.

Inventory:

Hand Weapons
 a - a +0 long sword
 g - a +1 falchion of electrocution (weapon)
Missiles
 d - 2 throwing nets
 h - 2 atropa-tipped darts (quivered)
Armour
 b - a +0 leather armour (worn)
 c - a +0 helmet
Scrolls
 i - a scroll of teleportation {unknown}
Potions
 e - 2 potions of might {unknown}
 f - a potion of invisibility {unknown}
 j - a potion of resistance {unknown}
 k - a potion of brilliance {unknown}


   Skills:
 - Level 2.0 Fighting
 + Level 4.2 Long Blades
 - Level 1.7 Throwing
 - Level 2.6 Dodging


You had 2 spell levels left.
You didn't know any spells.
Your spell library contained the following spells:

 Spells                   Type           Power      Damage    Failure   Level
 Sublimation of Blood     Necr           0%         N/A       58%         2
 Wereblood                Tmut           0%         N/A       58%         2
 Summon Hydra             Summ           0%         N/A       100%        7


Dungeon Overview and Level Annotations

Branches:
Dungeon (2/15)

Altars:

Annotations:
D:2 Sigmund


Innate Abilities, Weirdness & Mutations

You have a pair of small antennae on your head.
You are partially covered in razor-sharp scales. (AC +1, Slay +1)


Message History

Sigmund is caught in the net!
Sigmund casts a spell at you. You resist with significant effort.
Sigmund struggles against the net.
A bat comes into view.
Sigmund points at you and mumbles some strange words.
The magic dart hits you.
Sigmund struggles against the net.
The bat moves out of view.
You hit Sigmund.
Sigmund is lightly wounded.
You catch the helpless Sigmund completely off-guard!
You hit Sigmund.
Sigmund is moderately wounded.
Sigmund mumbles some strange words.
Sigmund flickers and vanishes!
Deactivating autopickup; reactivate with Ctrl-A.
Something wriggles in the net.
The bat closely misses you.
Throw: 3 darts (atropa)
Press: ? - help, Q - select action, (/) - cycle Shift-Dir - straight line You throw an atropa-tipped dart.
The bat barely misses you.
Unknown command.
You hit something. Lightning courses through something!
Something wriggles in the net.
The bat hits you but does no damage.
You closely miss something. The bat barely misses you.
You riposte.
You miss the bat.
Something wriggles in the net.
You hit something.
You hear some strange, mumbled words.
You are confused.
Something wriggles in the net.
All of a sudden the net rips apart!
You bump into the rock wall.
You're too confused to move!
The bat hits you but does no damage. Something hits you! Something freezes you.
You hit something. The bat closely misses you. The bat hits you.
You hear some strange, mumbled words.
A puff of flame appears from out of thin air!
The puff of flame hits you.
You bump into the rock wall.
Something hits you!
* * * LOW HITPOINT WARNING * * *
Something freezes you.
You die...

##.#####..#.#.##..............#.#
...................###...######.#
...#####..#.#.##.##.............#
##.#####..#.#.##.#####....#######
..........#.#.##.#####....#
..............##.#........#######
##.##.##.........................
##.##.## ##.#.##{#.###...........
##.##.##.##.#.##@#..............#
.................b........>.....#
##.##.##.##.#.##.#.#.##...†####.#
.................#.# ##..).# #.#
).)................# #.....# #.#
.........##.#.#....# #.....# #.#
.#.##..............#.#.....# #.#
.#.##..#.##..........#.....####.#
.#...................#...........


You could see a bat.

Vanquished Creatures
  A gnoll (D:1)
  2 worms (D:2)
  A dart slug (D:1)
  An orc (D:2)
  2 ball pythons
  5 bats
  5 goblins
  2 hobgoblins (D:2)
  2 kobolds
  4 quokkas
  A frilled lizard (D:1)
  2 rats (D:1)
28 creatures vanquished.

Notes
Turn   | Place    | Note
-------+----------+-------------------------------------------
     0 | D:1      | Urokeeper the Demonspawn Gladiator began the quest for the
                  | Orb.
     0 | D:1      | Reached XP level 1. HP: 16/16 MP: 1/1
   123 | D:1      | Reached skill level 3 in Long Blades
   204 | D:1      | Gained mutation: You are partially covered in razor-sharp
                  | scales. (AC +1, Slay +1) [demonic ancestry]
   204 | D:1      | Reached XP level 2. HP: 22/22 MP: 2/2
   864 | D:2      | Gained mutation: You have a pair of small antennae on your
                  | head. [demonic ancestry]
   864 | D:2      | Reached XP level 3. HP: 27/27 MP: 3/3
   930 | D:2      | Found a faded altar of an unknown god.
  1425 | D:2      | Reached skill level 4 in Long Blades
  1777 | D:2      | Noticed Sigmund
  1791 | D:2      | Slain by Sigmund

Illustrated notes

Levels and vault maps discovered:
D:1:      dpeg_arrival_rooms_with_view, layout_basic
D:2:      layout_basic, shapermc_ecumenical_altar_starsandcircs, st_stairs_10,
          bh_walls_and_bars, uniq_sigmund

Skill      XL: |  1  2  3 |
---------------+----------+-----
Long Blades    | 3 4 |  4.2
Fighting       | |  2.0
Throwing       | |  1.7
Dodging        | |  2.6

Action                   || total
-------------------------++-------
Melee: Long sword        ||    11
       Falchion          ||    54
Throw: Dart              ||     1
       Throwing net      ||     1
 Stab: Sleeping          ||     1
       Held in net/web   ||     1
Armor: Leather armour    ||    31
Dodge: Dodged            ||    41
       Rpst.: Long sword ||     3
       Falchion          ||     8
